 Dungeon Crawl Stone Soup version 0.28-a0-1506-g3893175d92 (webtiles) character file.

Game seed: 11678420017235707467

72107 knot the Severer (level 15, 114/119 HPs)
             Began as a Demonspawn Berserker on Jan 14, 2022.
             Was a High Priest of Trog.
             Quit the game on level 6 of the Lair of Beasts.
             The game lasted 00:45:36 (19885 turns).

knot the Severer (Demonspawn Berserker)            Turns: 19885, Time: 00:45:37

Health: 114/119    AC: 17    Str: 24    XL:     15   Next: 0%
Magic:  22/24      EV: 14    Int: 15    God:    Trog [*****.]
Gold:   2577       SH:  0    Dex: 13    Spells: 14/14 levels left

rFire   . . .      SeeInvis +   K - +6 battleaxe (freeze)
rCold   . . .      Faith    .   (shield currently unavailable)
rNeg    . . .      Spirit   +   N - +4 scale mail "Tilecleu" {rElec rCorr MP+9 Stlth+}
rPois   .          Reflect  .   (helmet unavailable)
rElec   +          Harm     .   (no cloak)
rCorr   +          Rampage  .   j - +0 pair of gloves
Will    +....                   d - +2 pair of boots {Fly}
Stlth   +.........              m - amulet of Vitality {Regen+ HP+15}
HPRegen 1.09/turn               A - +6 ring of strength
MPRegen 0.38/turn               G - +4 ring of evasion

@: flying
A: antennae 3, rugged brown scales 3, magic shield, magic regeneration,
bedeviling
a: Renounce Religion, Berserk, Trog's Hand, Brothers in Arms


You were on level 6 of the Lair of Beasts.
You worshipped Trog.
Trog was extremely pleased with you.
You visited 3 branches of the dungeon, and saw 18 of its levels.
You also visited: Ossuary.

You collected 2577 gold pieces.

Inventory:

Hand Weapons
 s - the +10 whip of Callousness {freeze, rPois rF- rN+}
   (You found it on level 4 of the Dungeon)

   It freezes those it strikes, dealing additional cold damage.
   It can also slow down cold-blooded creatures.
   rF:        It makes you vulnerable to fire.
   rPois:     It protects you from poison.
   rN:        It protects you from negative energy.
 I - a +0 battleaxe
 K - a +6 battleaxe of freezing (weapon)
 L - a +3 hand axe of flaming
Missiles
 g - 369 stones (quivered)
 C - 4 boomerangs
 D - 10 poisoned darts
 H - 3 throwing nets
 J - 22 sling bullets
 O - 5 curare-tipped darts
Armour
 d - a +2 pair of boots of flying (worn)
 j - a +0 pair of gloves (worn)
 n - +0 steam dragon scales
 v - a +1 robe of cold resistance
 N - the +4 scale mail "Tilecleu" (worn) {rElec rCorr MP+9 Stlth+}
   (You found it on level 3 of the Lair of Beasts)

   rElec:     It insulates you from electricity.
   MP:        It affects your magic capacity (+9).
   rCorr:     It protects you from acid and corrosion.
   Stlth:     It makes you more stealthy.
Jewellery
 e - a +6 ring of intelligence
 m - the amulet of Vitality (around neck) {Regen+ HP+15}
   (You took it off an orc on level 3 of the Dungeon)

   [amulet of regeneration]

   HP:        It affects your health (+15).
   Regen:     It increases your rate of health regeneration.
 o - a ring of protection from fire
 A - a +6 ring of strength (left hand)
 G - a +4 ring of evasion (right hand)
Wands
 h - a wand of digging (1)
 l - a wand of paralysis (8)
 x - a wand of iceblast (9)
 z - a wand of mindburst (3)
 F - a wand of polymorph (4)
 P - a wand of acid (2)
 S - a wand of flame (6)
Scrolls
 b - 2 scrolls of blinking
 c - 2 scrolls of torment
 p - 4 scrolls of teleportation
 u - 2 scrolls of vulnerability
 y - a scroll of fog
 B - 3 scrolls of fear
 E - 2 scrolls of holy word
 Q - 2 scrolls of silence
 R - 3 scrolls of magic mapping
 T - 2 scrolls of immolation
 U - 2 scrolls of identify
Potions
 a - a potion of cancellation
 f - 8 potions of curing
 i - 4 potions of haste
 k - 6 potions of mutation
 q - 5 potions of heal wounds
 r - a potion of might
 t - 2 potions of flight
 M - 3 potions of berserk rage
 V - a potion of magic {unknown}
Miscellaneous
 w - a lightning rod (4/4)


   Skills:
 - Level 3.0 Fighting
 * Level 17.9 Axes
 * Level 16.9 Throwing
 - Level 1.7 Armour
 - Level 1.7 Dodging


You had 14 spell levels left.
You didn't know any spells.
Your spell library contained the following spells:

 Spells                   Type           Power      Damage    Failure   Level
 Animate Skeleton         Necr           0%         N/A       54%         1
 Apportation              Tloc           0%         N/A       54%         1
 Beastly Appendage        Tmut           0%         N/A       54%         1
 Sandblast                Erth           0%         2d4       54%         1
 Summon Small Mammal      Summ           0%         N/A       54%         1
 Passwall                 Tmut/Erth      0%         N/A       69%         2
 Static Discharge         Conj/Air       0%         N/A       69%         2
 Wereblood                Tmut           0%         N/A       69%         2
 Confusing Touch          Hex            0%         N/A       89%         3
 Dazzling Flash           Conj/Hex       0%         N/A       89%         3
 Gell's Gravitas          Tloc           0%         N/A       89%         3
 Lesser Beckoning         Tloc           0%         N/A       89%         3
 Ozocubu's Armour         Ice            0%         N/A       89%         3
 Spider Form              Tmut/Pois      0%         N/A       89%         3
 Stone Arrow              Conj/Erth      0%         3d7       89%         3
 Teleport Other           Tloc           0%         N/A       89%         3
 Airstrike                Air            0%         N/A       100%        4
 Iskenderun's Mystic Bla  Conj/Tloc      0%         2d3       100%        4
 Summon Lightning Spire   Summ/Air       0%         N/A       100%        4
 Alistair's Intoxication  Tmut/Pois      0%         N/A       100%        5
 Lightning Bolt           Conj/Air       0%         1d11      100%        5
 Metabolic Englaciation   Hex/Ice        0%         N/A       100%        5
 Yara's Violent Unravell  Hex/Tmut       0%         3d3       100%        5
 Simulacrum               Ice/Necr       0%         N/A       100%        6
 Starburst                Conj/Fire      0%         6d3       100%        6
 Enfeeble                 Hex            0%         N/A       100%        7
 Maxwell's Capacitive Co  Air            0%         ∞         100%        8


Dungeon Overview and Level Annotations

Branches:
Dungeon (10/15)            Temple (0/1) D:5            Lair (6/6) D:10
  Swamp (0/4) Lair:4        Snake (0/4) Lair:3          Orc (2/2) D:10
    Elf (0/3) Orc:2       Ossuary (visited)
  Slime: Lair:5-6

Altars:
Kikubaaqudgha
Vehumet
The Shining One
Beogh

Shops:
D:5 :   Orc:1 !   Orc:2 =?[:


Innate Abilities, Weirdness & Mutations

You have a pair of large antennae on your head. (SInv)
You are completely covered in rugged brown scales. (AC +3, +7% HP)
When hurt, damage is shared between your health and your magic reserves.
You regenerate magic rapidly.
Your hexes are more powerful.


Message History

A warg comes into view.
The wolf barely misses you.
The warg howls!
You hit the wolf. You freeze the wolf.
The wolf is severely wounded.
You slice the hell hound!! You freeze the hell hound!
You kill the hell hound!
Trog accepts your kill. The wolf completely misses you.
You barely miss the wolf.
The wolf is severely wounded.
The wolf bites you.
You slash the wolf! You freeze the wolf.
You kill the wolf!
Trog accepts your kill.
You slash the warg! You freeze the warg.
The warg is heavily wounded.
The warg bites you but does no damage.
You barely miss the warg.
The warg is heavily wounded.
You slash the hell hound! You freeze the hell hound!
The hell hound barely misses you. The warg bites you but does no damage.
You slice the warg!! You freeze the warg.
You kill the warg!
Trog accepts your kill.
You closely miss the hell hound.
The hell hound bites you but does no damage.
The hell hound bites you.
You slice the hell hound!! You freeze the hell hound.
You kill the hell hound!
Trog accepts your kill.
You have reached level 15!
Your experience leads to an increase in your attributes!
Your base attributes are Str 18, Int 13, Dex 13.
Increase (S)trength, (I)ntelligence, or (D)exterity?
You feel clever. x2; Your demonic ancestry asserts itself...
You feel devilish.
Unknown command.
Unknown command.
Are you sure you want to abandon this character and quit the game? (Confirm with "yes".)

### ###.##
..##########P#..## ...
.††#.#.#.##P#...)# ...#
.........#.#.†..###...#
..#........#†.†.....##
##.#...#.††.#††..##..#
#######.†####†.##..##
.##.#.##..# ##....##
...#.#.†..# #.@...#
.........## ##††..)#
........## ......#
#...#.### ......## ##.
### ##.)...# # ##.#.#.
{ { ##.#.## { { # ..


There were no monsters in sight!

Vanquished Creatures
  Kirke (Lair:4)
  The ghost of freelancePsychic the Fighter, a journeyman DsEE of Gozag (Orc:2)
  The ghost of Reubyar the Impaler, a journeyman MiBe of Trog (Lair:2)
  A boulder beetle (Lair:6)
  A catoblepas (Lair:5)
  Fannar (Lair:1)
  Harold (D:8)
  6 hydras
  2 ogre magi
  7 two-headed ogres
  4 death yaks (Lair:6)
  Nergalle (Lair:2)
  A lindwurm (Lair:4)
  An orc knight (Orc:2)
  Pikel (D:7)
  11 orc sorcerers
  2 cyclopes (Orc:1)
  5 elephants (Lair:5)
  6 black mambas
  An ice statue (Lair:6)
  7 cane toads
  8 rime drakes
  6 komodo dragons
  A freezing wraith (Lair:6)
  3 trolls
  19 polar bears
  17 blink frogs
  A tyrant leech (Lair:4)
  2 slime creatures (Lair:6)
  3 raiju (Lair:6)
  13 dream sheep
  6 wyverns
  36 yaks
  4 hogs (Lair:4)
  5 basilisks
  5 steam dragons
  3 vampire mosquitoes (D:10)
  8 wargs
  Edmund (D:5)
  An acid dragon (D:8)
  2 swamp worms (Lair:4)
  26 water moccasins
  7 hell hounds (Lair:6)
  A swamp drake (Lair:6)
  12 black bears
  4 ice beasts
  17 orc warriors
  11 wolves (Lair:6)
  10 ogres
  5 centaurs
  3 phantoms
  3 scorpions
  14 bullfrogs
  A gnoll sergeant (D:6)
  A wyvern skeleton (D:7)
  A water moccasin skeleton (D:6)
  6 killer bees
  8 wights
  3 electric eels (Lair:4)
  5 howler monkeys
  A centaur zombie (D:9)
  3 hounds
  6 jellies
  15 orc priests
  A human zombie (Ossuary)
  Ijyb (D:3)
  Natasha (thrice) (D:2)
  4 iguanas
  29 orc wizards
  2 mummies (Ossuary)
  A howler monkey zombie (D:9)
  18 gnolls
  A howler monkey skeleton (D:7)
  8 adders
  2 white imps (Lair:6)
  2 ufetubi
  5 adder zombies (Ossuary)
  3 worms
  A dart slug (D:2)
  60 orcs
  6 ball pythons
  6 endoplasms
  4 giant cockroaches
  A gnoll zombie (Ossuary)
  8 goblins
  7 hobgoblins
  6 jackals
  4 kobolds
  A quokka (D:1)
  3 bats
  2 frilled lizards
  3 hobgoblin zombies (Ossuary)
  3 kobold zombies (Ossuary)
  A quokka zombie (Ossuary)
  3 rats
  3 rat zombies (Ossuary)
571 creatures vanquished.

Vanquished Creatures (collateral kills)
  An orc warlord (D:10)
  The ghost of kaffeinatedkobold the Brawler, a journeyman TrHu of Ru (Lair:1)
  The ghost of Devyomi the Protected, a journeyman GrBe of Trog (Lair:5)
  A cane toad (Lair:3)
  6 rime drakes (Lair:3)
  6 steam dragons (Lair:3)
  2 orc warriors (D:10)
  An ogre (Orc:1)
  2 bullfrogs (Lair:3)
  2 orc priests (Orc:1)
  A mummy (Ossuary)
  3 orcs (Orc:1)
  An orc zombie (Ossuary)
28 creatures vanquished.

Vanquished Creatures (others)
  An orc wizard (Orc:2)
  17 fungi
  42 plants
60 creatures vanquished.

Grand Total: 659 creatures vanquished

Notes
Turn   | Place    | Note
-------+----------+-------------------------------------------
     0 | D:1      | knot the Demonspawn Berserker began the quest for the Orb.
     0 | D:1      | Reached XP level 1. HP: 18/18 MP: 1/1
   180 | D:1      | Reached skill level 3 in Axes
   424 | D:1      | Found a faded altar of an unknown god.
   436 | D:1      | Gained mutation: You regenerate magic rapidly. [demonic
                  | ancestry]
   436 | D:1      | Reached XP level 2. HP: 19/24 MP: 2/2
   833 | D:2      | Noticed Natasha
   841 | D:2      | Killed Natasha
   842 | D:2      | Reached skill level 4 in Axes
   842 | D:2      | Gained mutation: You have a pair of small antennae on your
                  | head. [demonic ancestry]
   842 | D:2      | Reached XP level 3. HP: 24/29 MP: 3/3
  1617 | D:2      | Noticed Natasha
  1626 | D:2      | Killed Natasha
  1627 | D:2      | Reached XP level 4. HP: 11/35 MP: 4/4
  1882 | D:2      | Noticed Natasha
  1888 | D:2      | Killed Natasha
  2457 | D:3      | Reached skill level 5 in Axes
  2479 | D:3      | Noticed Ijyb
  2624 | D:3      | Killed Ijyb
  2625 | D:3      | Gained mutation: You have a pair of antennae on your head.
                  | [demonic ancestry]
  2625 | D:3      | Reached XP level 5. HP: 41/41 MP: 5/5
  3303 | D:3      | Reached skill level 6 in Axes
  3650 | D:3      | Reached ** piety under Trog
  4035 | D:4      | Identified the +10 whip of Callousness {freeze, rPois rF-
                  | rN+}
  4053 | D:4      | Gained mutation: You have a pair of large antennae on your
                  | head. (SInv) [demonic ancestry]
  4053 | D:4      | Reached XP level 6. HP: 47/47 MP: 6/6
  4155 | D:4      | Reached skill level 1 in Throwing
  4423 | D:5      | Entered Level 5 of the Dungeon
  4429 | D:5      | Identified a scroll of acquirement
  4429 | D:5      | Acquired a +0 pair of boots of flying
  4431 | D:5      | Found a staircase to the Ecumenical Temple.
  4439 | D:5      | Noticed an ice beast
  4475 | D:5      | Reached XP level 7. HP: 52/52 MP: 7/7
  4482 | D:5      | Reached skill level 7 in Axes
  4517 | D:5      | Found a sand-covered staircase.
  4523 | Ossuary  | Entered an ossuary
  4739 | D:5      | Found Ysor Vec's Book Boutique.
  4831 | D:5      | Reached XP level 8. HP: 58/58 MP: 8/8
  5262 | D:5      | Noticed Edmund
  5272 | D:5      | Killed Edmund
  5651 | D:6      | Reached skill level 8 in Axes
  5662 | D:6      | Reached skill level 5 in Throwing
  5815 | D:6      | Reached *** piety under Trog
  6509 | D:7      | Reached skill level 9 in Axes
  6572 | D:7      | Gained mutation: You are partially covered in rugged brown
                  | scales. (AC +1, +3% HP) [demonic ancestry]
  6572 | D:7      | Reached XP level 9. HP: 64/64 MP: 9/9
  7084 | D:7      | Noticed Pikel
  7096 | D:7      | Killed Pikel
  7285 | D:7      | Reached skill level 10 in Axes
  7759 | D:8      | Reached **** piety under Trog
  7845 | D:8      | Noticed Harold
  7863 | D:8      | Killed Harold
  7864 | D:8      | Reached XP level 10. HP: 64/72 MP: 10/10
  9181 | D:9      | Reached skill level 11 in Axes
  9204 | D:9      | Noticed a two-headed ogre
  9214 | D:9      | Killed a two-headed ogre
  9677 | D:9      | Noticed a two-headed ogre
  9691 | D:9      | Killed a two-headed ogre
  9838 | D:10     | Entered Level 10 of the Dungeon
  9860 | D:10     | Reached skill level 10 in Throwing
 10108 | D:10     | Reached skill level 12 in Axes
 10147 | D:10     | Gained mutation: You are mostly covered in rugged brown
                  | scales. (AC +2, +5% HP) [demonic ancestry]
 10147 | D:10     | Reached XP level 11. HP: 78/78 MP: 11/11
 10166 | D:10     | Found a staircase to the Lair.
 10268 | D:10     | Noticed a two-headed ogre
 10274 | D:10     | Killed a two-headed ogre
 10303 | D:10     | Reached ***** piety under Trog
 10318 | D:10     | Found a staircase to the Orcish Mines.
 10735 | Lair:1   | Entered Level 1 of the Lair of Beasts
 10807 | Lair:1   | Noticed Fannar
 10811 | Lair:1   | Reached skill level 13 in Axes
 10822 | Lair:1   | Killed Fannar
 11195 | Lair:1   | Noticed a seven-headed hydra
 11208 | Lair:1   | Killed a three-headed hydra
 11476 | Lair:1   | Found a runed translucent door.
 11476 | Lair:1   | You are sucked into a shaft and drop 1 floor!
 11476 | Lair:2   | Noticed a seven-headed hydra
 11485 | Lair:2   | Killed a one-headed hydra
 11486 | Lair:2   | Gained mutation: You are completely covered in rugged brown
                  | scales. (AC +3, +7% HP) [demonic ancestry]
 11486 | Lair:2   | Reached XP level 12. HP: 86/86 MP: 12/12
 11796 | Lair:2   | Noticed Nergalle
 11811 | Lair:2   | Killed Nergalle
 11977 | Lair:2   | Found a runed translucent door.
 11977 | Lair:2   | Noticed Reubyar's ghost (journeyman MiBe)
 12159 | Lair:1   | Reached skill level 14 in Axes
 12187 | Lair:1   | Noticed kaffeinatedkobold's ghost (journeyman TrHu)
 12356 | Lair:1   | Killed kaffeinatedkobold's ghost
 12641 | Lair:2   | Killed Reubyar's ghost
 12938 | Lair:3   | Found a staircase to the Snake Pit.
 13024 | Lair:3   | Reached skill level 15 in Axes
 13117 | Lair:3   | Identified the +3 dagger of Xoteiv {freeze, rElec}
 13191 | Lair:3   | Gained mutation: When hurt, damage is shared between your
                  | health and your magic reserves. [demonic ancestry]
 13191 | Lair:3   | Reached XP level 13. HP: 81/92 MP: 13/13
 13863 | Lair:3   | Identified the +4 scale mail "Tilecleu" {rElec rCorr MP+9
                  | Stlth+}
 14164 | Lair:4   | Found a staircase to the Swamp.
 14286 | Lair:4   | Noticed Kirke
 14288 | Lair:4   | Noticed a sphinx
 14308 | Lair:4   | Killed Kirke
 15343 | Lair:5   | Reached skill level 16 in Axes
 15495 | Lair:5   | Reached skill level 15 in Throwing
 15587 | Lair:5   | Found a large runed translucent door.
 15587 | Lair:5   | Found a large runed translucent door.
 15588 | Lair:5   | Noticed Devyomi's ghost (journeyman GrBe)
 16581 | Lair:5   | Killed Devyomi's ghost
 16701 | Orc:1    | Entered Level 1 of the Orcish Mines
 16702 | Orc:1    | Noticed an orc warlord
 16729 | D:10     | Killed an orc warlord
 16774 | D:10     | Reached XP level 14. HP: 42/99 MP: 11/14
 17017 | Orc:1    | Found Jieppara's Distillery.
 17492 | Orc:2    | Entered Level 2 of the Orcish Mines
 17752 | Orc:2    | Found a large runed translucent door.
 17753 | Orc:2    | Found a large runed translucent door.
 17909 | Orc:2    | Noticed freelancePsychic's ghost (journeyman DsEE)
 18027 | Orc:2    | Found a radiant altar of Vehumet.
 18033 | Orc:2    | Reached skill level 17 in Axes
 18041 | Orc:2    | Identified the +5 broad axe "Lipoif" {vorpal, Dex+5} (Trog
                  | gifted it to you on level 2 of the Orcish Mines)
 18041 | Orc:2    | Received a gift from Trog
 18169 | Orc:2    | Found a staircase to the Elven Halls.
 18335 | Orc:2    | Found Berejom's Antique Armour Shoppe.
 18343 | Orc:2    | Paralysed by an orc sorcerer for 5 turns
 18375 | Orc:2    | Found an ancient bone altar of Kikubaaqudgha.
 18391 | Orc:2    | Found Xaow Nux's Book Shoppe.
 18397 | Orc:2    | Paralysed by an orc sorcerer for 4 turns
 18466 | Orc:2    | Found Xetsupt's Magic Scroll Emporium.
 18479 | Orc:2    | Found Zuzxaghy's Jewellery Emporium.
 18590 | Orc:2    | Killed freelancePsychic's ghost
 19066 | Lair:6   | Entered Level 6 of the Lair of Beasts
 19885 | Lair:6   | Gained mutation: Your hexes are more powerful. [demonic
                  | ancestry]
 19885 | Lair:6   | Reached XP level 15. HP: 104/104 MP: 15/15
 19885 | Lair:6   | Quit the game

Illustrated notes

Levels and vault maps discovered:
D:1:      tarquinn_simple_flora_water_e, layout_rooms, serial_corexii_hall,
          corexii_hall_statues_i, corexii_hall_statues_l,
          corexii_hall_statues_t, chequers_hall_statues_wall_a,
          chequers_ecumenical_altar_simple_redux
D:2:      layout_rooms, uniq_natasha
D:3:      layout_loops_ring, uniq_ijyb
D:4:      layout_loops_ring
D:5:      layout_loops_ring, minmay_temple_entry_statues_fountains,
          nicolae_ossuary_entry_plus, serial_shops, nicolae_shop_hallway_plus,
          uniq_edmund
D:6:      layout_basic
D:7:      layout_basic, tso_metal_star, grunt_ministairs_15, dk_vineyard_2,
          kennysheep_cross_bottleneck, uniq_pikel
D:8:      layout_basic, uniq_harold
D:9:      layout_small_grid, kennysheep_generic_room_11
D:10:     layout_long_grid, minmay_lair_entry_grove, david_orc_3,
          minmay_orc_keep
Lair:1:   layout_regular_city, gammafunk_ghost_grave, uniq_fannar
Lair:2:   layout_chaotic_city, hellmonk_ghost_happy_afterlife,
          infiniplex_staircase_pool_2, uniq_nergalle
Lair:3:   layout_chaotic_city, minmay_snake_entry_six_corridors,
          chequers_serial_rivers_micro_b, minmay_hedge_maze,
          bobbens_dragon_lair_wall
Lair:4:   layout_gridlike, palyth_hydra_swamp_entry, serial_bayou_shore_a,
          grunt_megastairs_2, uniq_kirke
Lair:5:   layout_regular_city, ebering_ghost_disaster_area
Lair:6:   hangedman_lair_caniforms_friends, layout_cellular_growth,
          guppyfry_lair_end_dragon, minmay_slime_entry_pillars, ice2_lemuel
Orc:1:    layout_caves, serial_shops, nicolae_shop_hallway_plus
Orc:2:    kennysheep_orc_mage_school, layout_caves, ebering_ghost_disaster_area

Skill      XL: |  1  2  3  4  5  6  7  8  9 10 11 12 13 14 |
---------------+-------------------------------------------+-----
Axes           | 3 4 5 6 7 9 10 12 13 15 16 17 | 17.9
Throwing       | 2 4 6 8 10 12 13 15 16 | 16.9
Fighting       | |  3.0
Armour         | |  1.7
Dodging        | |  1.7

Action                   |  1- 3 |  4- 6 |  7- 9 | 10-12 | 13-15 || total
-------------------------+-------+-------+-------+-------+-------++-------
Melee: Hand axe          |    79 |    83 |       |    12 |    28 ||   202
       Punch             |     1 |     2 |     4 |       |     1 ||     8
       Whip              |       |    75 |   286 |    79 |       ||   440
       Battleaxe         |       |       |       |   325 |   636 ||   961
Throw: Stone             |       |    13 |    23 |       |    15 ||    51
       Boomerang         |       |       |       |    62 |    45 ||   107
       Dart              |       |       |       |     2 |       ||     2
       Throwing net      |       |       |       |     1 |       ||     1
Invok: Berserk           |     3 |     7 |     3 |    14 |    13 ||    40
       Trog's Hand       |       |     1 |       |     2 |     4 ||     7
       Brothers in Arms  |       |       |       |     4 |     9 ||    13
Evoke: Wand              |       |     1 |     2 |       |     5 ||     8
  Use: Scroll            |       |     7 |     6 |    10 |     4 ||    27
       Potion            |       |       |     8 |     3 |     1 ||    12
 Stab: Paralysed         |       |     2 |     2 |       |       ||     4
       Sleeping          |       |       |       |     2 |       ||     2
       Distracted        |       |       |       |       |     2 ||     2
       Confused          |       |       |       |       |     1 ||     1
Armor: Animal skin       |     3 |       |       |       |       ||     3
       Leather armour    |     9 |    16 |       |       |       ||    25
       Ring mail         |       |     8 |    62 |    12 |       ||    82
       Steam dragon scal |       |       |       |   119 |    10 ||   129
       Scale mail        |       |       |       |       |   309 ||   309
Dodge: Dodged            |    41 |    93 |   133 |   271 |   515 ||  1053

Table legend: (Time is in decaauts)
 A = Elapsed time spent in this place.
 B = Non-inter-level travel time spent in this place.
 C = Inter-level travel time spent in this place.
 D = Time resting spent in this place.
 E = Time spent auto-exploring this place.
 F = Levels seen in this place.
 G = Mean time per level.
                   A        B        C        D        E       F      G
               +--------+--------+--------+--------+--------+-----+--------+
         Total |  20107 |  18901 |   1206 |   4493 |  10824 |  19 | 1058.3 |
       Dungeon |  11299 |  10572 |    727 |   2570 |   6207 |  10 | 1129.9 |
          Lair |   6865 |   6548 |    317 |   1556 |   3713 |   6 | 1144.2 |
  Orcish Mines |   1764 |   1602 |    162 |    366 |    831 |   2 |  882.0 |
       Ossuary |    179 |    179 |      0 |      0 |     73 |   1 |  179.0 |
               +--------+--------+--------+--------+--------+-----+--------+

Top non-repeatable levels by time:
     D:1: 1476 daAuts
     D:8: 1409 daAuts
  Lair:5: 1392 daAuts
    D:10: 1331 daAuts
  Lair:4: 1329 daAuts
     D:7: 1285 daAuts
     D:2: 1252 daAuts
  Lair:3: 1237 daAuts
     D:3: 1205 daAuts
   Orc:2: 1085 daAuts
  Lair:1: 1060 daAuts
  Lair:2: 1039 daAuts
     D:5: 1029 daAuts
     D:6: 926 daAuts
  Lair:6: 806 daAuts
